AoeStats
← Erickinio

Black Forest

508158877Analyzed
3v3 RM · 12d ago on Sep 21, 2026· 58m 11s· 6 players
Game mode
Random Map
Map size
Normal (6 player)
Population
200
Speed
Normal
Resources
Standard
Victory
Conquest
Starting age
Dark Age
Ending age
Imperial Age
RankedLock teamsTeams togetherTeam positionsShared explorationLock speedFull tech treeHidden civsTurbo modeCheats
Victory
Defeat
🇪🇨 Huns · Ecuador
816
+13
🇦🇷 Celts · Argentina
779
+14
🇨🇴 Persians · Colombia
754
+15
🇨🇱 Franks · Chile
815
-17
🇹🇼 Vikings · Taiwan
719
-13
🇰🇪 Khmer · Kenya
698
-12
luhigy23
0:28 Loom
13:28 Feudal Age
14:41 Wheelbarrow
17:22 Castle Age
16:30 Horse Collar
16:38 Double-Bit Axe
22:07 Heavy Plow
22:25 Bow Saw
25:33 Hand Cart
27:51 Town Watch
30:41 Gold Mining
30:42 Stone Mining
32:10 Gold Shaft Mining
32:10 Stone Shaft Mining
31:41 Caravan
32:13 Coinage
34:32 Ballistics
34:48 Town Patrol
35:34 Scale Barding Armor
35:29 Scale Mail Armor
35:40 Forging
38:38 Imperial Age
36:15 Husbandry
36:25 Bloodlines
37:49 Chain Barding Armor
37:45 Chain Mail Armor
38:05 Iron Casting
39:55 Two-Man Saw
39:27 Crop Rotation
38:42 Cavalier
38:49 Cavalier
40:19 Plate Barding Armor
40:14 Plate Mail Armor
40:45 Blast Furnace
40:03 Savar
42:03 Conscription
48:25 Banking
48:06 Guilds
Breyder25
0:59 Loom
16:25 Feudal Age
17:01 Horse Collar
17:09 Double-Bit Axe
19:23 Fletching
24:22 Castle Age
23:39 Stone Mining
28:02 Scale Mail Armor
28:48 Squires
28:51 Man-at-Arms
29:33 Bodkin Arrow
30:12 Heavy Plow
32:31 Scale Barding Armor
34:26 Padded Archer Armor
35:37 Forging
37:03 Wheelbarrow
43:06 Gold Mining
43:46 Bloodlines
43:37 Husbandry
45:11 Bow Saw
46:08 Chain Barding Armor
47:13 Gold Shaft Mining
50:40 Imperial Age
50:48 Imperial Age
50:05 Iron Casting
50:05 Marauders
51:07 Hand Cart
50:39 Town Watch
52:21 Conscription
51:32 Capped Ram
53:16 Two-Man Saw
53:00 Caravan
52:59 Siege Ram
55:43 Chain Mail Armor
56:32 Blast Furnace
56:39 Plate Barding Armor
57:47 Town Patrol
57:55 Murder Holes
58:12 Bracer
57:37 Man-at-Arms
Erickinio
0:54 Loom
12:23 Feudal Age
13:53 Man-at-Arms
14:18 Arson
16:09 Double-Bit Axe
23:00 Gold Mining
25:19 Castle Age
23:53 Forging
25:52 Stone Mining
25:30 Long Swordsman
25:55 Gambesons
27:29 Stone Shaft Mining
29:02 Wheelbarrow
29:05 Scale Mail Armor
32:54 Treadmill Crane
32:55 Pikeman
36:23 Masonry
38:48 Gold Shaft Mining
38:28 Bow Saw
40:12 Chain Mail Armor
42:39 Stronghold
43:22 Hand Cart
43:32 Town Watch
44:33 Ballistics
44:40 Town Patrol
45:11 Horse Collar
45:22 Elite Skirmisher
46:43 Iron Casting
49:16 Imperial Age
48:04 Caravan
50:36 Conscription
49:39 Heavy Scorpion
50:52 Plate Mail Armor
50:19 Murder Holes
50:01 Two-Handed Swordsman
53:33 Blast Furnace
52:18 Halberdier
52:44 Champion
54:18 Siege Engineers
55:14 Chemistry
54:39 Onager
55:00 Elite Woad Raider
57:11 Fletching
57:22 Padded Archer Armor
58:04 Furor Celtica
Microbio_ubb
8:50 Loom
12:59 Feudal Age
14:23 Wheelbarrow
13:37 Double-Bit Axe
22:17 Castle Age
20:48 Gold Mining
21:39 Stone Mining
28:51 Scale Barding Armor
30:26 Husbandry
29:49 Light Cavalry
31:29 Forging
32:00 Hand Cart
38:04 Bow Saw
39:46 Gold Shaft Mining
43:04 Imperial Age
45:06 Chemistry
44:40 Cavalier
45:12 Pikeman
46:25 Fortified Wall
47:07 Iron Casting
51:04 Caravan
IonizedMedusa57
5:09 Loom
12:09 Feudal Age
23:15 Castle Age
29:03 Imperial Age
26:44 Double-Bit Axe
26:42 Horse Collar
28:00 Bow Saw
27:44 Gold Mining
28:45 Caravan
29:31 Treadmill Crane
31:31 Two-Man Saw
30:34 Heavy Plow
31:47 Murder Holes
34:36 Chemistry
34:30 Gold Shaft Mining
36:58 Capped Ram
37:44 Scale Mail Armor
37:54 Forging
38:25 Siege Engineers
38:38 Bogsveigar
39:17 Ballistics
38:50 Fletching
39:00 Padded Archer Armor
39:16 Chain Mail Armor
38:47 Crossbowman
40:01 Arbalester
43:38 Conscription
43:17 Bodkin Arrow
45:13 Bracer
45:29 Leather Archer Armor
jorh.choxxy
0:43 Loom
16:45 Feudal Age
18:16 Town Watch
17:53 Man-at-Arms
18:18 Arson
18:32 Arson
28:45 Castle Age
35:43 Fortified Wall
35:29 Double-Bit Axe
35:58 Husbandry
37:06 Bloodlines
37:14 Horse Collar
42:51 Pikeman
49:08 Imperial Age
46:41 Long Swordsman
47:57 Heavy Plow
48:02 Murder Holes
49:07 Bow Saw
52:15 Chemistry
51:53 Capped Ram
54:05 Heavy Scorpion
54:56 Caravan
57:31 Wheelbarrow
56:44 Light Cavalry
Connection lost

Rejoining the realm…

Still unreachable

The connection could not be restored.

Session expired

The server has moved on; the page needs a fresh start.